 Dungeon Crawl Stone Soup version 0.19.0-19-g8c6edcc (webtiles) character file.

92 Cokeysmoke the Cudgeler (level 4, -2/29 HPs)
             Began as a Gargoyle Monk on Nov 15, 2016.
             Slain by Mesmaeker13's ghost (14 damage)
             ... on level 3 of the Dungeon.
             The game lasted 00:03:46 (2063 turns).

Cokeysmoke the Cudgeler (Gargoyle Monk)             Turns: 2063, Time: 00:03:47

Health: -2/29      AC:  8    Str: 15    XL:     4   Next: 60%
Magic:  4/4        EV: 11    Int: 11    God:
Gold:   55         SH:  0    Dex: 12    Spells: 0 memorised, 3 levels left

rFire  . . .     SeeInvis .     a - +0 mace
rCold  . . .     Gourm    .     m - +0 ring mail
rNeg   + + .     Faith    .     (no shield)
rPois  ∞         Spirit   .     (no helmet)
rElec  +         Reflect  .     (no cloak)
rCorr  .         Harm     +     (no gloves)
MR     .....                    (no boots)
Stlth  +.........               e - amulet of harm
                                k - ring of wizardry
                                j - ring of positive energy

@: no status effects
A: negative energy resistance 1, electricity resistance, unbreathing,
petrification resistance, rot immunity, AC +3
a: no special abilities


You were on level 3 of the Dungeon.
You were not hungry.

You visited 1 branch of the dungeon, and saw 3 of its levels.

You collected 55 gold pieces.

Inventory:

Hand Weapons
 a - a +0 mace (weapon)
Armour
 b - a +0 robe
 f - a +0 leather armour
 m - a +0 ring mail (worn)
Jewellery
 e - an amulet of harm (around neck)
 j - a ring of positive energy (left hand)
 k - a ring of wizardry (right hand)
Wands
 r - a wand of confusion (25/48)
Scrolls
 d - 2 scrolls of teleportation
 l - 3 scrolls of remove curse
 p - a scroll of recharging {unknown}
 s - a scroll of blinking {unknown}
Potions
 h - a potion of agility
 n - a potion of brilliance
 o - a potion of lignification
 t - a potion of curing {unknown}
Comestibles
 c - a bread ration
 g - a chunk of flesh
 i - 2 meat rations
 q - 2 fruits


   Skills:
 + Level 4.0 Fighting
 * Level 4.7 Maces & Flails
 - Level 2.4 Dodging
 - Level 2.1 Stealth


You had 3 spell levels left.
You didn't know any spells.

Dungeon Overview and Level Annotations

Branches:
Dungeon (3/15)

Altars:
Nemelex Xobeh

Annotations:
D:3 Mesmaeker13's ghost, amateur DsSk


Innate Abilities, Weirdness & Mutations

You are resistant to torment.
Your stone body is resilient. (AC +3)
You are immune to poison.
You resist negative energy. (rN+)
You are resistant to electric shocks. (rElec)
You can survive without breathing.
You are immune to petrification.
You are immune to rotting.


Message History

You hit Mesmaeker13's ghost.
Mesmaeker13's ghost is lightly damaged.
Mesmaeker13's ghost barely misses you.
You sock Mesmaeker13's ghost!
Mesmaeker13's ghost is heavily damaged.
Mesmaeker13's ghost hits you but does no damage.
You hit Mesmaeker13's ghost but do no damage.
Mesmaeker13's ghost is heavily damaged.
Mesmaeker13's ghost screams, "What do you have that I didn't have?"
Mesmaeker13's ghost hits you but does no damage.
You completely miss Mesmaeker13's ghost.
Mesmaeker13's ghost is heavily damaged.
Mesmaeker13's ghost closely misses you.
You hit Mesmaeker13's ghost.
Mesmaeker13's ghost is heavily damaged.
Mesmaeker13's ghost barely misses you.
You hit Mesmaeker13's ghost but do no damage.
Mesmaeker13's ghost is heavily damaged.
Mesmaeker13's ghost hits you!
You die...

# .# #. ##.
#.######..
........#
####).....#
..(.......#
#....W#
#...@.#
###.### ...
###. #. #.
#. #.


You could see Mesmaeker13's ghost.

Vanquished Creatures
  4 adders (D:2)
  An ooze (D:2)
  A worm (D:2)
  A leopard gecko (D:1)
  3 giant cockroaches
  4 goblins
  10 hobgoblins
  4 jackals (D:2)
  6 kobolds
  5 bats
  3 frilled lizards
  4 rats
46 creatures vanquished.

Notes
Turn   | Place    | Note
-------+----------+-------------------------------------------
     0 | D:1      | Cokeysmoke the Gargoyle Monk began the quest for the Orb.
     0 | D:1      | Reached XP level 1. HP: 14/14 MP: 1/1
   285 | D:1      | Reached XP level 2. HP: 19/19 MP: 2/2
   348 | D:1      | Found a sparkling altar of Nemelex Xobeh.
  1044 | D:2      | Reached XP level 3. HP: 23/23 MP: 3/3
  1413 | D:2      | Reached XP level 4. HP: 22/29 MP: 4/4
  2055 | D:3      | Noticed Mesmaeker13's ghost (amateur DsSk)
  2063 | D:3      | Slain by Mesmaeker13's ghost

Skill      XL: |  1  2  3  4 |
---------------+-------------+-----
Maces & Flails | 4 |  4.7
Fighting       | 4 |  4.0
Dodging        | |  2.4
Stealth        | |  2.1

Action                   |  1- 3 |  4- 6 || total
-------------------------+-------+-------++-------
Melee: Mace              |    78 |    67 ||   145
  Use: Scroll            |     4 |     2 ||     6
 Stab: Sleeping          |     1 |       ||     1
  Eat: Chunk             |     1 |     3 ||     4
Armor: Leather armour    |     8 |       ||     8
       Ring mail         |    12 |    33 ||    45
       Robe              |     3 |       ||     3
Dodge: Dodged            |    69 |    45 ||   114
